 Dungeon Crawl Stone Soup version 0.28.0-53-g5a82cb258f (webtiles) character file.

Game seed: 10525831464190246277

5517 cbfl8 the Cleaver (level 10, -3/90 HPs)
             Began as a Minotaur Berserker on Sept 7, 2022.
             Was a High Priest of Trog.
             Slain by a two-headed ogre
             ... wielding a +0 giant club
              (26 damage)
             ... on level 9 of the Dungeon.
             The game lasted 00:09:44 (8845 turns).

cbfl8 the Cleaver (Minotaur Berserker)              Turns: 8845, Time: 00:09:45

Health: -3/90      AC: 17    Str: 22    XL:     10   Next: 43%
Magic:  9/9        EV:  8    Int:  4    God:    Trog [*****.]
Gold:   746        SH:  0    Dex: 14    Spells: 9/9 levels left

rFire   . . .      SeeInvis +   d - +2 battleaxe
rCold   . . .      Faith    .   (shield currently unavailable)
rNeg    . . .      Spirit   .   J - +2 plate armour {rPois}
rPois   +          Reflect  .   (helmet restricted)
rElec   .          Harm     .   u - +0 cloak
rCorr   .          Rampage  .   A - +0 pair of gloves
Will    .....                   (no boots)
Stlth   ..........              (no amulet)
HPRegen 0.25/turn               l - +4 ring of slaying
MPRegen 0.11/turn               G - ring of see invisible

@: no status effects
A: horns 2, retaliatory headbutt
a: Renounce Religion, Berserk, Trog's Hand, Brothers in Arms


You were on level 9 of the Dungeon.
You worshipped Trog.
Trog was extremely pleased with you.
You visited 1 branch of the dungeon, and saw 9 of its levels.

You collected 801 gold pieces.
You spent 55 gold pieces at shops.

Inventory:

Hand Weapons
 d - a +2 battleaxe (weapon)
 q - a +0 broad axe
Missiles
 p - 4 throwing nets
Armour
 u - a +0 cloak (worn)
 A - a +0 pair of gloves (worn)
 E - a +0 tower shield
 J - a +2 plate armour of poison resistance (worn)
Jewellery
 l - a +4 ring of slaying (left hand)
 s - a ring of ice
 G - a ring of see invisible (right hand)
Wands
 r - a wand of flame (14)
 x - a wand of charming (5) (quivered)
 C - a wand of iceblast (15)
Scrolls
 g - 2 scrolls of fog
 n - a scroll of holy word
 o - 3 scrolls of teleportation
 t - a scroll of summoning
 w - a scroll of vulnerability {unknown}
 y - a scroll of immolation
 B - 2 scrolls of noise {unknown}
 D - a scroll of enchant armour {unknown}
 F - a scroll of blinking {unknown}
 H - a scroll of brand weapon {unknown}
Potions
 a - a potion of might {unknown}
 b - 3 potions of flight
 c - 3 potions of mutation
 e - 5 potions of curing
 f - 3 potions of heal wounds
 h - 2 potions of resistance {unknown}
 i - a potion of brilliance {unknown}
 j - 4 potions of lignification {unknown}
 k - 4 potions of haste {unknown}
 m - a potion of cancellation {unknown}
 v - a potion of magic {unknown}


   Skills:
 * Level 8.8 Fighting
 * Level 13.4 Axes
 + Level 5.5 Armour
 * Level 5.8 Dodging
 + Level 1.5 Stealth
 * Level 5.1 Evocations


You had 9 spell levels left.
You didn't know any spells.
Your spell library was empty.

Dungeon Overview and Level Annotations

Branches:
Dungeon (9/15)             Temple (0/1) D:7
   Lair: D:8-11         Orc: D:9-12

Altars:
Dithmenos
Ru
Trog

Shops:
D:3 [!(*!


Innate Abilities, Weirdness & Mutations

You have a pair of horns on your head.
You reflexively headbutt those who attack you in melee.


Message History

No target in view!
Found a falchion.
No target in view!
You now have 746 gold pieces (gained 15).
A two-headed ogre comes into view. It is wielding two +0 giant clubs.
The two-headed ogre shouts in stereo!
A two-headed ogre is nearby!
Found 7 arrows.
A two-headed ogre is nearby!
The two-headed ogre hits you with a +0 giant club.
The two-headed ogre barely misses you.
You hit the two-headed ogre.
The two-headed ogre is lightly wounded.
The two-headed ogre barely misses you.
The two-headed ogre hits you with a +0 giant club.
You hit the two-headed ogre.
The two-headed ogre is lightly wounded.
The two-headed ogre closely misses you. You furiously retaliate!
You headbutt the two-headed ogre! The two-headed ogre barely misses you.
You hit the two-headed ogre. You headbutt the two-headed ogre!
The two-headed ogre is heavily wounded.
The two-headed ogre hits you with a +0 giant club! x2
You completely miss the two-headed ogre.
The two-headed ogre is heavily wounded.
You completely miss the two-headed ogre.
You headbutt the two-headed ogre.
The two-headed ogre is severely wounded.
The two-headed ogre hits you with a +0 giant club!!
The two-headed ogre hits you with a +0 giant club.
You are too injured to fight recklessly!
You are too injured to fight recklessly!
You slash the two-headed ogre!
The two-headed ogre is almost dead.
The two-headed ogre hits you with a +0 giant club!!
* * * LOW HITPOINT WARNING * * *
The two-headed ogre hits you with a +0 giant club.
* * * LOW HITPOINT WARNING * * *
You feel much better.
The two-headed ogre hits you with a +0 giant club!!
You die...

# #............###......#
#.#.#####.>....###).....#
#.#.###...........))....#
#..........<........)...#
###..##)...########.....#
##.####..### .#..###
#.####..... . ..#
#......########. ..#
#.....@O....(..# .(#
#.##..####^#..# .##
#.##..# #.##..# #.#....
........ .#.......
.......##


You could see a two-headed ogre.

Vanquished Creatures
  A two-headed ogre (D:9)
  3 centaur zombies
  Maggie (D:9)
  A wyvern (D:8)
  A wraith (D:8)
  Eustachio (D:5)
  Grum (D:9)
  2 steam dragons (D:7)
  2 water moccasins
  Duvessa (D:4)
  3 orc warriors
  A sky beast (D:5)
  3 wolves (D:9)
  2 phantoms
  3 kobold brigands
  A gnoll sergeant (D:8)
  A bullfrog (D:7)
  A wyvern zombie (D:7)
  2 scorpions
  A water moccasin zombie (D:6)
  Dowan (D:4)
  9 wights
  3 howler monkeys
  2 gnoll shamans
  4 hounds
  5 orc priests
  A bullfrog skeleton (D:4)
  4 centaur skeletons
  Ijyb (D:5)
  Terence (D:2)
  An iguana (D:6)
  11 orc wizards
  A killer bee zombie (D:7)
  A hound skeleton (D:5)
  A howler monkey zombie (D:6)
  6 adders
  18 gnolls
  A white imp (D:5)
  2 ufetubi
  3 adder skeletons
  3 worms
  27 orcs
  6 bats
  9 endoplasms
  5 giant cockroaches
  9 goblins
  9 hobgoblins
  7 jackals
  18 kobolds
  2 quokkas
  3 ball pythons
  4 frilled lizards
  5 rats
215 creatures vanquished.

Vanquished Creatures (others)
  A white imp (D:7)
  2 fungi (D:9)
  5 plants (D:9)
8 creatures vanquished.

Grand Total: 223 creatures vanquished

Notes
Turn   | Place    | Note
-------+----------+-------------------------------------------
     0 | D:1      | cbfl8 the Minotaur Berserker began the quest for the Orb.
     0 | D:1      | Reached XP level 1. HP: 19/19 MP: 0/0
   224 | D:1      | Reached XP level 2. HP: 25/27 MP: 1/1
   733 | D:1      | Found a faded altar of an unknown god.
   858 | D:2      | Reached skill level 4 in Axes
   909 | D:2      | Noticed Terence
   917 | D:2      | Reached XP level 3. HP: 19/34 MP: 2/2
   925 | D:2      | Killed Terence
   946 | D:2      | Reached ** piety under Trog
  1058 | D:2      | Reached XP level 4. HP: 41/41 MP: 3/3
  1684 | D:3      | Found Cadoro's General Store.
  1714 | D:3      | Found Reihem's Antique Weapon Emporium.
  1776 | D:3      | Found Voonukh's Distillery.
  1779 | D:3      | Found Bilick's Armour Boutique.
  1820 | D:3      | Found a shadowy altar of Dithmenos.
  1829 | D:3      | Found a bloodstained altar of Trog.
  1854 | D:3      | Found a sacrificial altar of Ru.
  1858 | D:3      | Reached skill level 5 in Fighting
  1858 | D:3      | Reached skill level 5 in Axes
  1858 | D:3      | Noticed a phantom
  1867 | D:3      | Killed a phantom
  1868 | D:3      | Reached skill level 1 in Evocations
  1868 | D:3      | Reached XP level 5. HP: 40/48 MP: 4/4
  2046 | D:3      | Found Ewusetai's Distillery.
  2056 | D:3      | Bought a potion of heal wounds for 55 gold pieces
  2261 | D:4      | Reached XP level 6. HP: 49/56 MP: 5/5
  2270 | D:4      | Reached skill level 6 in Axes
  2530 | D:4      | Reached XP level 7. HP: 50/62 MP: 6/6
  2734 | D:4      | Noticed Dowan
  2739 | D:4      | Killed Dowan
  2740 | D:4      | Reached skill level 7 in Axes
  2751 | D:4      | Noticed Duvessa
  2758 | D:4      | HP: 1/62 [Duvessa/+0 short sword (17)]
  2766 | D:4      | Killed Duvessa
  3347 | D:4      | Reached *** piety under Trog
  3469 | D:4      | Reached skill level 8 in Axes
  3596 | D:4      | Reached skill level 1 in Stealth
  3904 | D:5      | Entered Level 5 of the Dungeon
  3914 | D:5      | Reached XP level 8. HP: 59/71 MP: 7/7
  4405 | D:5      | Noticed Eustachio
  4421 | D:5      | Killed Eustachio
  4491 | D:5      | Reached skill level 9 in Axes
  4975 | D:5      | Noticed Ijyb
  4982 | D:5      | Killed Ijyb
  5042 | D:5      | Found the +18 Lear's hauberk
  5526 | D:6      | Reached skill level 10 in Axes
  5684 | D:6      | Reached XP level 9. HP: 74/80 MP: 8/8
  6510 | D:7      | Reached **** piety under Trog
  6690 | D:7      | Reached skill level 11 in Axes
  6900 | D:7      | Found a staircase to the Ecumenical Temple.
  6918 | D:7      | Reached skill level 5 in Armour
  7094 | D:8      | Reached skill level 5 in Dodging
  7518 | D:8      | Reached skill level 12 in Axes
  7861 | D:8      | Reached XP level 10. HP: 90/90 MP: 9/9
  8353 | D:9      | Noticed Maggie
  8354 | D:9      | Noticed a two-headed ogre
  8361 | D:9      | Noticed Grum
  8361 | D:9      | Killed Maggie
  8366 | D:9      | Killed a two-headed ogre
  8367 | D:9      | Reached skill level 13 in Axes
  8370 | D:9      | Reached ***** piety under Trog
  8374 | D:9      | Killed Grum
  8698 | D:9      | Reached skill level 5 in Evocations
  8835 | D:9      | Noticed a two-headed ogre
  8844 | D:9      | HP: 3/90 [two-headed ogre/+0 giant club (6)]
  8845 | D:9      | Slain by a two-headed ogre

Illustrated notes

Levels and vault maps discovered:
D:1:      lightli_arrival_lavapool, layout_loops_cross, basic_ecumenical_altar
D:2:      layout_loops_ring, grunt_ministairs_14, minmay_tetromino_t4,
          uniq_terence
D:3:      layout_rooms, nicolae_ru_sacrificial_ziggurat,
          mainiacjoe_overflow_swirl, serial_shops, shop, shop, shop, shop, shop
D:4:      minmay_polygon_palace, layout_basic, uniq_duvessa
D:5:      layout_loops_corners, kennysheep_generic_room_15, uniq_ijyb,
          uniq_eustachio
D:6:      layout_basic, nicolae_wand_duel, nicolae_grassy_gnolls
D:7:      layout_cave_pools, minmay_temple_entry_statues_fountains,
          chequers_serial_rivers_small_3
D:8:      layout_loops_corners
D:9:      layout_loops_ring, dpeg_oklobed_lair, minmay_diamond_spiral,
          uniq_prince_ribbit1, uniq_maggie, uniq_grum

Skill      XL: |  1  2  3  4  5  6  7  8  9 10 |
---------------+-------------------------------+-----
Fighting       | 4 5 6 7 8 |  8.8
Axes           | 4 5 6 8 10 12 13 | 13.4
Armour         | 3 4 5 |  5.5
Evocations     | 1 2 3 4 5 |  5.1
Dodging        | 3 4 5 |  5.8
Stealth        | 1 |  1.5

Action                   |  1- 3 |  4- 6 |  7- 9 | 10-12 || total
-------------------------+-------+-------+-------+-------++-------
Melee: Hand axe          |    70 |    18 |       |       ||    88
       Headbutt          |    14 |    11 |    35 |     9 ||    69
       Punch             |     1 |       |       |       ||     1
       Broad axe         |       |    57 |       |       ||    57
       Battleaxe         |       |       |   263 |    41 ||   304
Invok: Berserk           |     1 |       |     1 |     1 ||     3
  Use: Scroll            |       |     7 |     1 |     1 ||     9
       Potion            |       |       |     2 |     1 ||     3
 Stab: Sleeping          |     1 |       |       |       ||     1
Armor: Animal skin       |     4 |       |       |       ||     4
       Chain mail        |    35 |    12 |   130 |     4 ||   181
       Scale mail        |       |    26 |    42 |       ||    68
       Plate armour      |       |       |       |     9 ||     9
Dodge: Dodged            |    34 |    42 |   132 |    17 ||   225
